 Dungeon Crawl Stone Soup version 0.23.2-1-ga50397a6bc (webtiles) character file.

Game seed: 6236927166978265177

15 Morbidden the Magician (level 2, -2/22 HPs)
             Began as a Demigod Wizard on May 12, 2019.
             Slain by a hobgoblin (4 damage)
             ... on level 1 of the Dungeon.
             The game lasted 00:01:27 (447 turns).

Morbidden the Magician (Demigod Wizard)              Turns: 447, Time: 00:01:28

Health: -2/22      AC:  2    Str: 10    XL:     2   Next: 21%
Magic:  4/8        EV: 12    Int: 22    God:
Gold:   47         SH:  0    Dex: 14    Spells: 6/7 levels left

rFire    . . .     SeeInvis .   (no weapon)
rCold    . . .     Gourm    .   (no shield)
rNeg     . . .     Faith    .   a - +0 robe
rPois    .         Spirit   .   b - +0 hat
rElec    .         Reflect  .   (no cloak)
rCorr    .         Harm     .   (no gloves)
MR       .....                  (no boots)
Stlth    ++........             (no amulet)
HPRegen  0.07/turn              (no ring)
MPRegen  0.11/turn              (no ring)

@: very slightly contaminated
A: high mp 1
a: no special abilities


You were on level 1 of the Dungeon.
You were not hungry.

You visited 1 branch of the dungeon, and saw 1 of its levels.

You collected 47 gold pieces.

Inventory:

Armour
 a - a +0 robe (worn)
 b - a +0 hat (worn)
Scrolls
 c - a scroll of identify {unknown}
 f - a scroll of random uselessness {unknown}
 g - a scroll of blinking {unknown}
Potions
 e - a potion of agility {unknown}
Comestibles
 d - 3 rations


   Skills:
 * Level 0.5 Fighting
 + Level 1.8 Dodging
 - Level 1.7 Stealth
 + Level 3.1 Spellcasting
 * Level 1.1 Conjurations
   Level 0.8 Summonings
   Level 0.8 Translocations


You had 6 spell levels left.
You knew the following spells:

 Your Spells              Type           Power        Failure   Level  Hunger
a - Magic Dart            Conj           #...         8%          1    None

Your spell library contained the following spells:

 Spells                   Type           Power        Failure   Level  Hunger
 Blink                    Tloc           N/A          13%         2    ##.....
 Call Imp                 Summ           #.......     13%         2    ##.....
 Slow                     Hex            #.......     19%         2    ##.....
 Conjure Flame            Conj/Fire      #.......     28%         3    ###....
 Mephitic Cloud           Conj/Pois/Air  #.......     32%         3    ###....


Dungeon Overview and Level Annotations

Branches:
Dungeon (1/15)


Innate Abilities, Weirdness & Mutations

You have an increased reservoir of magic. (+10% MP)


Message History

The hobgoblin closely misses you.
The giant cockroach waves its antennae.
Casting: Magic Dart (safe; 8% risk of failure)
Confirm with . or Enter, or press ? or * to list all spells.
Aiming: Magic Dart (safe; 8% risk of failure)
Press: ? - help, Shift-Dir - straight line, f/p - hobgoblin
Aim: a hobgoblin (heavily wounded)
You miscast Magic Dart.
You are very lightly contaminated with residual magic.
You are momentarily dazzled by a flash of light!
The hobgoblin barely misses you.
Casting: Magic Dart (safe; 8% risk of failure)
Confirm with . or Enter, or press ? or * to list all spells.
Aiming: Magic Dart (safe; 8% risk of failure)
Press: ? - help, Shift-Dir - straight line, f/p - hobgoblin
Aim: a hobgoblin (heavily wounded)
The magic dart hits the hobgoblin.
The hobgoblin is severely wounded.
The hobgoblin hits you.
You die...

#.. #..#.# .. #. ##
..# #..#.# #..
#.##....# ## ..#
#......# #..
#.##..#...### ..#
#...##.......
####.##..###...####
#$..#...g###.....#
#$gs#..#Krg@.^.#..
#%g.#...sl####..##.
#.##...# #.#
#...l.#.#...#
####.? #.##..#
##...#.#.... ##..
#.##... #. #$#....
#. ##....


You could see a giant cockroach, a hobgoblin, a goblin, a kobold, a frilled
lizard and a rat.

Vanquished Creatures
  A dart slug (D:1)
  A leopard gecko (D:1)
  2 bats (D:1)
  A giant cockroach (D:1)
  3 goblins (D:1)
  A ball python (D:1)
  A frilled lizard (D:1)
  A rat (D:1)
11 creatures vanquished.

Notes
Turn   | Place    | Note
-------+----------+-------------------------------------------
     0 | D:1      | Morbidden the Demigod Wizard began the quest for the Orb.
     0 | D:1      | Reached XP level 1. HP: 14/14 MP: 6/6
    14 | D:1      | Reached skill level 1 in Conjurations
    77 | D:1      | Reached skill level 3 in Spellcasting
   105 | D:1      | Reached XP level 2. HP: 6/22 MP: 1/8
   447 | D:1      | Slain by a hobgoblin

Skill      XL: |  1 |
---------------+----+-----
Conjurations   | 1 |  1.1
Spellcasting   | 3 |  3.1
Fighting       | |  0.5
Dodging        | |  1.8
Stealth        | |  1.7
Summonings     | |  0.8
Translocations | |  0.8

Action                   || total
-------------------------++-------
Melee: Unarmed           ||    52
 Cast: Magic Dart        ||    22
Armor: Robe              ||    11
Dodge: Dodged            ||    45
